 Dungeon Crawl Stone Soup version 0.21.1-1-g345015fe64 (webtiles) character file.

20697 Ikesh the Covert (level 12, -13/77 HPs)
             Began as an Octopode Earth Elementalist on Mar 3, 2018.
             Was an Elder of Sif Muna.
             Mangled by a white ugly thing (52 damage)
             ... on level 12 of the Dungeon.
             The game lasted 02:12:13 (15555 turns).

Ikesh the Covert (Octopode Earth Elementalist)     Turns: 15555, Time: 02:12:13

Health: -13/77     AC:  1    Str:  7    XL:     12   Next: 82%
Magic:  13/24      EV: 20    Int: 24    God:    Sif Muna [****..]
Gold:   278        SH:  0    Dex: 27    Spells: 2/27 levels left

rFire    . . .     SeeInvis .   B - +7 quarterstaff of Ulaos {crush, rPois rC- Int+3 Dex+10}
rCold    x . .     Gourm    .   (shield currently unavailable)
rNeg     . . .     Faith    .   (helmet restricted)
rPois    +         Spirit   .   O - amulet of magic regeneration
rElec    .         Reflect  .   h - ring of wizardry
rCorr    .         Harm     .   p - ring of ice
MR       ++...                  r - ring of wizardry
Stlth    +++++++...             g - +3 ring of dexterity
HPRegen  0.22/turn              q - ring of stealth
MPRegen  0.44/turn              e - ring of protection from magic
                                G - ring of protection from magic
                                i - ring of fire

@: no status effects
A: almost no armour, stealthy swim, amphibious, 8 rings, constrict 8, camouflage
1, gelatinous body 1
a: Divine Energy, Channel Magic, Forget Spell, Renounce Religion


You were on level 12 of the Dungeon.
You worshipped Sif Muna.
Sif Muna was greatly pleased with you.
You were not hungry.

You visited 3 branches of the dungeon, and saw 15 of its levels.
You also visited: Sewer.

You collected 1028 gold pieces.
You spent 750 gold pieces at shops.

Inventory:

Hand Weapons
 f - a +7 dagger of venom
 l - a cursed -2 dagger of flaming
 o - a +1 dagger of speed
 B - the +7 quarterstaff of Ulaos (weapon) {crush, rPois rC- Int+3 Dex+10}
   (You took it off an orc on level 7 of the Dungeon)

   It inflicts extra damage upon your enemies.
   It affects your intelligence (+3).
   It affects your dexterity (+10).
   It makes you vulnerable to cold.
   It protects you from poison.
Missiles
 b - 181 stones (quivered)
Armour
 s - a +1 buckler
Jewellery
 e - a ring of protection from magic (on tentacle)
 g - a +3 ring of dexterity (on tentacle)
 h - a ring of wizardry (left tentacle)
 i - a ring of fire (on tentacle)
 p - a ring of ice (right tentacle)
 q - a ring of stealth (on tentacle)
 r - a ring of wizardry (on tentacle)
 C - an uncursed ring of fire
 G - a ring of protection from magic (on tentacle)
 O - an amulet of magic regeneration (around mantle)
Wands
 u - a wand of enslavement (6)
 w - a wand of scattershot (6)
 z - a wand of iceblast (14)
 A - a wand of flame (36)
 H - a wand of polymorph (9)
 J - a wand of clouds (1)
Scrolls
 a - 4 scrolls of identify
 t - 2 scrolls of teleportation
 x - 4 scrolls of remove curse
 E - a scroll of amnesia
 I - a scroll of brand weapon
Potions
 j - 6 potions of curing
 m - a potion of heal wounds
 n - 3 potions of flight
 K - a potion of might {unknown}
 M - a potion of agility {unknown}
Books
 d - a book of Geomancy

   Spells                             Type                      Level
   a - Sandblast                      Earth                        1
   b - Passwall                       Transmutation/Earth          2
   c - Stone Arrow                    Conjuration/Earth            3
   d - Petrify                        Transmutation/Earth          4
   e - Lee's Rapid Deconstruction     Earth                        5
 k - a book of Maledictions

   Spells                             Type                      Level
   a - Corona                         Hexes                        1
   b - Ensorcelled Hibernation        Hexes/Ice                    2
   c - Confuse                        Hexes                        3
   d - Tukima's Dance                 Hexes                        3
   e - Dazzling Spray                 Conjuration/Hexes            3
 v - a book of Necromancy

   Spells                             Type                      Level
   a - Pain                           Necromancy                   1
   b - Animate Skeleton               Necromancy                   1
   c - Vampiric Draining              Necromancy                   3
   d - Regeneration                   Charms/Necromancy            3
   e - Animate Dead                   Necromancy                   4
   f - Borgnjor's Vile Clutch         Necromancy/Earth             5
 D - Omeigybu's Almanac of the Entourage and Cold
   (You found it on level 8 of the Dungeon)

   Spells                             Type                      Level
   a - Summon Small Mammal            Summoning                    1
   b - Ensorcelled Hibernation        Hexes/Ice                    2
   c - Ice Form                       Ice/Transmutation            4
   d - Metabolic Englaciation         Hexes/Ice                    5
   e - Spellforged Servitor           Conjuration/Summoning        7
 F - a book of Misfortune

   Spells                             Type                      Level
   a - Confusing Touch                Hexes                        1
   b - Confuse                        Hexes                        3
   c - Gell's Gravitas                Translocation                3
   d - Petrify                        Transmutation/Earth          4
   e - Metabolic Englaciation         Hexes/Ice                    5
   f - Yara's Violent Unravelling     Hexes/Transmutation          5
 L - a book of Clouds

   Spells                             Type                      Level
   a - Poisonous Vapours              Poison/Air                   2
   b - Mephitic Cloud                 Conjuration/Poison/Air       3
   c - Conjure Flame                  Conjuration/Fire             3
   d - Freezing Cloud                 Conjuration/Ice/Air          6
   e - Ring of Flames                 Charms/Fire                  7
 N - a book of Air

   Spells                             Type                      Level
   a - Shock                          Conjuration/Air              1
   b - Swiftness                      Charms/Air                   2
   c - Static Discharge               Conjuration/Air              3
   d - Airstrike                      Air                          4
   e - Lightning Bolt                 Conjuration/Air              5
Miscellaneous
 y - a fan of gales
Comestibles
 c - 12 rations
 P - a chunk of flesh


   Skills:
 + Level 5.6 Fighting
 - Level 3.0 Short Blades
 + Level 4.6 Staves
 + Level 6.4 Dodging
 + Level 10.1 Stealth
 - Level 2.4 Shields
 * Level 8.3 Spellcasting
 + Level 2.4 Conjurations
 + Level 3.1 Hexes
 + Level 4.9 Charms
 * Level 6.9 Necromancy
 - Level 3.2 Transmutations
 + Level 7.6 Earth Magic
 + Level 5.6 Invocations
 + Level 5.7 Evocations


You had 2 spell levels left.
You knew the following spells:

 Your Spells              Type           Power        Failure   Level  Hunger
a - Sandblast             Erth           #####.       1%          1    None
b - Passwall              Tmut/Erth      #####.....   1%          2    None
c - Lee's Rapid Deconstr  Erth           #####.....   2%          5    #####..
d - Borgnjor's Vile Clut  Necr/Erth      #####.....   2%          5    #####..
e - Regeneration          Chrm/Necr      #####.....   1%          3    None
f - Animate Skeleton      Necr           N/A          1%          1    None
g - Ensorcelled Hibernat  Hex/Ice        ####..       1%          2    None
h - Confuse               Hex            ####....     1%          3    None
i - Stone Arrow           Conj/Erth      ####..       1%          3    None


Dungeon Overview and Level Annotations

Branches:
Dungeon (12/15)            Temple (1/1) D:5            Lair (0/6) D:9
    Orc (2/2) D:11
    Elf: Orc:2

Altars:
Ashenzari
Cheibriados
Dithmenos
Elyvilon
Fedhas
Gozag
Hepliaklqana
Kikubaaqudgha
Makhleb
Nemelex Xobeh
Okawaru
Qazlal
Ru
Sif Muna
Trog
Uskayaw
Vehumet
Wu Jian
Xom
Yredelemnul
Zin
The Shining One

Shops:
D:4 [   D:7 :   Orc:1 =

Annotations:
D:4 Duvessa
D:8 kmx's ghost, novice DsIE
D:9 subsebi's ghost, novice DsCK
D:10 exclusion: oklob plant
Orc:2 Saint Roka


Innate Abilities, Weirdness & Mutations

You cannot wear most types of armour.
You are very stealthy in the water. (Stealth+)
You are amphibious.
You can wear up to eight rings at the same time.
You can use your tentacles to constrict eight enemies at once.
Your skin changes colour to match your surroundings (Stealth+).
Your rubbery body absorbs attacks. (AC +1, EV +1)


Message History

The zombie hands release their grip on the white ugly thing.
A cyclops and a zombie come into view.
The centaur warrior zombie moves out of view.
The white ugly thing misses you.
The cyclops throws a large rock.
The large rock hits you!!
Your orc skeleton hits the white ugly thing but does no damage.
Found a war axe.
Things that are here:
a large rock; 21 stones
Casting: Borgnjor's Vile Clutch
Confirm with . or Enter, or press ? or * to list all spells.
Aiming: Stone Arrow
Press: ? - help, Shift-Dir - straight line, f/p - white ugly thing
Aim: a white ugly thing (severely wounded)
The stone arrow hits the white ugly thing.
The white ugly thing is almost dead.
The white ugly thing headbutts you. The white ugly thing freezes you!!!
You feel a terrible chill!
Ouch! That really hurt!
You die...

.....
+.>#.#.....# #.#
#####
#.†.#.....# #.#
# . #..#.....#
#.. # ..
#........# #.. #
..) #..#######
#.. # .... ##.#
#... ..... #.#
#.##
......####.#
#...
#.@...######
####
#..u%).....#
#....Z.....#
#..........#
#..........#
.............#
#.#.#.#.......#
...............#
.C...⌠.........#


You could see a white ugly thing and a friendly orc skeleton.

Vanquished Creatures
  Erolcha (D:9)
  2 hydras (D:11)
  4 two-headed ogres
  A centaur warrior (D:10)
  2 death yaks (D:9)
  An orc high priest (Orc:1)
  An orc knight (Orc:2)
  An orc sorcerer (Orc:2)
  A cyclops (Orc:1)
  A gargoyle (D:11)
  2 trolls
  Grinder (D:6)
  2 hippogriffs
  A water elemental (D:11)
  Sigmund (D:2)
  A spriggan (D:5)
  12 yaks
  Grum (D:8)
  Menkaure (D:6)
  2 wargs
  An acid dragon (D:11)
  A water moccasin (D:8)
  A sky beast (D:11)
  10 ice beasts
  A black bear (D:8)
  An eye of draining (D:9)
  Purgy (Sewer)
  13 orc warriors
  8 ogres
  2 necrophages
  3 phantoms
  3 wolves (D:7)
  4 centaurs
  A crocodile (D:11)
  A big kobold (D:7)
  5 bullfrogs
  4 scorpions
  Dowan (D:4)
  7 wights
  An electric eel (D:11)
  3 crimson imps
  2 centaur zombies
  2 quasits
  17 orc priests
  A gnoll shaman (D:5)
  5 hounds
  4 bullfrog skeletons
  2 centaur skeletons
  Ijyb (D:5)
  12 orc wizards
  6 worker ants
  4 hound skeletons
  2 worker ant zombies
  A howler monkey zombie (D:11)
  9 adders
  3 gnolls (D:5)
  A shadow imp (D:6)
  An adder zombie (D:5)
  A worm (D:3)
  6 dart slugs
  4 leopard geckos
  47 orcs
  7 bats
  10 giant cockroaches
  13 goblins
  8 hobgoblins
  13 jackals
  4 quokkas
  A ball python (D:5)
  4 frilled lizards
  17 kobolds
  A leopard gecko zombie (D:5)
  4 rats
324 creatures vanquished.

Vanquished Creatures (collateral kills)
  A death yak (D:9)
  An orc knight (D:11)
  A centaur skeleton (D:10)
  A hippogriff (D:8)
  3 yaks (D:11)
  4 orc warriors
  An ogre (D:11)
  An electric eel (D:11)
  3 orcs (D:11)
  2 jackals (D:8)
18 creatures vanquished.

Grand Total: 342 creatures vanquished

Notes
Turn   | Place    | Note
-------+----------+-------------------------------------------
     0 | D:1      | Ikesh the Octopode Earth Elementalist began the quest for the Orb.
     0 | D:1      | Reached XP level 1. HP: 11/11 MP: 3/3
   198 | D:1      | Reached XP level 2. HP: 17/17 MP: 3/5
   214 | D:1      | Learned a level 2 spell: Passwall
   741 | D:1      | Reached XP level 3. HP: 21/21 MP: 4/6
  1003 | D:2      | Reached skill level 3 in Stealth
  1093 | D:2      | Noticed Sigmund
  1107 | D:2      | Found a shattered altar of Ashenzari.
  1127 | D:2      | Reached XP level 4. HP: 25/27 MP: 5/7
  1286 | D:2      | Found a sparkling altar of Nemelex Xobeh.
  1310 | D:2      | Found a faded altar of an unknown god.
  1763 | D:3      | Reached skill level 4 in Stealth
  2081 | D:3      | Found a glowing silver altar of Zin.
  2081 | D:3      | Found an opulent altar of Gozag.
  2149 | D:3      | Reached XP level 5. HP: 31/31 MP: 7/9
  2159 | D:3      | Found a glowing drain.
  2171 | Sewer    | Entered a sewer
  2215 | Sewer    | Noticed Purgy
  2219 | Sewer    | Killed Purgy
  2523 | Sewer    | Learned a level 5 spell: Lee's Rapid Deconstruction
  2527 | D:3      | Reached skill level 1 in Short Blades
  2878 | D:3      | Reached XP level 6. HP: 37/37 MP: 11/11
  3206 | D:4      | Found a snail-covered altar of Cheibriados.
  3220 | D:4      | Noticed Duvessa
  3476 | D:2      | Killed Sigmund
  3476 | D:2      | Reached skill level 5 in Stealth
  3655 | D:4      | Learned a level 3 spell: Stone Arrow
  3656 | D:4      | Noticed Dowan
  3751 | D:4      | Killed Dowan
  3751 | D:4      | Reached XP level 7. HP: 42/42 MP: 1/12
  3896 | D:4      | Found Usmiudau's Armour Shoppe.
  4058 | D:5      | Entered Level 5 of the Dungeon
  4063 | D:5      | Found a stormy altar of Qazlal.
  4385 | D:5      | Found a staircase to the Ecumenical Temple.
  4393 | Temple   | Entered the Ecumenical Temple
  4623 | Temple   | Became a worshipper of Sif Muna the Loreminder
  4714 | D:5      | Reached skill level 6 in Stealth
  4799 | D:5      | Reached skill level 5 in Earth Magic
  4803 | D:5      | Noticed Ijyb
  4810 | D:5      | Killed Ijyb
  5484 | D:6      | Reached skill level 1 in Fighting
  5499 | D:6      | Reached XP level 8. HP: 45/48 MP: 8/14
  5506 | D:6      | Noticed Grinder
  5595 | D:6      | Killed Grinder
  5595 | D:6      | Reached skill level 1 in Shields
  5595 | D:6      | Reached skill level 1 in Conjurations
  5595 | D:6      | Reached skill level 1 in Invocations
  5595 | D:6      | Reached skill level 1 in Evocations
  5704 | D:6      | Noticed Menkaure
  5796 | D:6      | Reached * piety under Sif Muna
  6068 | D:6      | Killed Menkaure
  6165 | D:6      | Reached skill level 7 in Stealth
  6293 | D:6      | Reached skill level 5 in Spellcasting
  6430 | D:7      | Noticed a spriggan baker
  6439 | D:5      | Killed a spriggan baker
  6439 | D:5      | Reached XP level 9. HP: 32/54 MP: 8/16
  7031 | D:7      | Found Beanow's Book Shop.
  7150 | D:7      | Bought a book of Necromancy for 360 gold pieces
  7157 | D:7      | Learned a level 5 spell: Borgnjor's Vile Clutch
  7161 | D:7      | Learned a level 3 spell: Regeneration
  7163 | D:7      | Learned a level 1 spell: Animate Skeleton
  7421 | D:7      | Found an ancient bone altar of Kikubaaqudgha.
  7463 | D:7      | Found a shadowy altar of Dithmenos.
  7470 | D:7      | Got a blackened quarterstaff {crush}
  7476 | D:7      | Identified the +7 quarterstaff of Ulaos {crush, rPois rC- Int+3 Dex+10} (You took it off an orc on level 7 of the Dungeon)
  7598 | D:7      | Found a shimmering altar of Xom.
  7634 | D:7      | Reached skill level 1 in Necromancy
  7751 | D:7      | Found a white marble altar of Elyvilon.
  8018 | D:8      | Noticed a two-headed ogre
  8018 | D:8      | Noticed kmx's ghost (novice DsIE)
  8165 | D:8      | Noticed Grum
  8171 | D:7      | Reached skill level 1 in Charms
  8293 | D:8      | Killed Grum
  8293 | D:8      | Reached skill level 1 in Staves
  8554 | D:8      | Reached ** piety under Sif Muna
  8594 | D:8      | Killed a two-headed ogre
  8594 | D:8      | Reached skill level 8 in Stealth
  8594 | D:8      | Reached XP level 10. HP: 63/63 MP: 5/18
  8741 | D:8      | Found a radiant altar of Vehumet.
  9117 | D:8      | Identified Omeigybu's Almanac of the Entourage and Cold
  9122 | D:8      | Learned a level 2 spell: Ensorcelled Hibernation
  9599 | D:8      | Found a shadowy altar of Dithmenos.
  9926 | D:9      | Found a basalt altar of Yredelemnul.
  9928 | D:9      | Noticed a profane servitor
  9941 | D:9      | Found a glowing golden altar of the Shining One.
  9957 | D:9      | Noticed an angel
  9974 | D:9      | Noticed Erolcha
  9980 | D:9      | Killed Erolcha
  9980 | D:9      | Reached skill level 5 in Dodging
 10104 | D:9      | Found a staircase to the Lair.
 10106 | D:9      | Noticed a death yak
 10106 | D:9      | Noticed a death yak
 10106 | D:9      | Noticed a death yak
 10436 | D:9      | Noticed a two-headed ogre
 10447 | D:9      | Killed a two-headed ogre
 10587 | D:9      | Killed a death yak
 10587 | D:9      | Reached *** piety under Sif Muna
 10587 | D:9      | Reached XP level 11. HP: 69/69 MP: 13/21
 10591 | D:9      | Killed a death yak
 10598 | D:9      | Killed a death yak
 10598 | D:9      | Reached skill level 9 in Stealth
 10721 | D:9      | Noticed subsebi's ghost (novice DsCK)
 10737 | D:9      | Learned a level 3 spell: Confuse
 10876 | D:10     | Entered Level 10 of the Dungeon
 10909 | D:10     | Noticed a centaur warrior
 10916 | D:10     | Killed a centaur warrior
 11052 | D:10     | Found a blossoming altar of Fedhas.
 11065 | D:10     | Noticed an oklob plant
 11501 | D:10     | Reached skill level 5 in Necromancy
 11509 | D:10     | Noticed a two-headed ogre
 11515 | D:10     | Killed a two-headed ogre
 11703 | D:10     | Reached skill level 1 in Hexes
 11948 | D:11     | Noticed a four-headed hydra
 11960 | D:11     | Killed a four-headed hydra
 11960 | D:11     | Reached **** piety under Sif Muna
 12077 | D:11     | Found a frozen archway.
 12350 | D:11     | Noticed a two-headed ogre
 12358 | D:11     | Killed a two-headed ogre
 12388 | D:11     | Reached skill level 5 in Invocations
 12388 | D:11     | Reached skill level 5 in Evocations
 12515 | D:11     | Reached skill level 5 in Fighting
 12515 | D:11     | Reached XP level 12. HP: 77/77 MP: 17/23
 12632 | D:11     | Found a staircase to the Orcish Mines.
 12716 | Orc:1    | Entered Level 1 of the Orcish Mines
 12728 | Orc:1    | Noticed an orc high priest
 12864 | Orc:1    | Noticed a soul eater
 12866 | Orc:1    | Killed an orc high priest
 13221 | D:11     | Found an iron altar of Okawaru.
 13230 | D:11     | Got an ichor-stained hand axe
 13251 | D:11     | Identified the +2 hand axe "Waleshreis" {venom, rF+} (You found it on level 11 of the Dungeon)
 13267 | D:11     | Reached ***** piety under Sif Muna
 13436 | D:11     | Received a gift from Sif Muna
 13658 | D:11     | Noticed an eight-headed hydra
 13666 | D:11     | Killed an eight-headed hydra
 14265 | Orc:1    | Found Noteg's Jewellery Shoppe.
 14440 | Orc:1    | Bought an uncursed amulet of magic regeneration for 390 gold pieces
 14454 | Orc:2    | Entered Level 2 of the Orcish Mines
 14462 | Orc:2    | Reached skill level 10 in Stealth
 14648 | Orc:1    | Learned a level 3 spell: Stone Arrow
 14788 | Orc:2    | Noticed Saint Roka
 15555 | D:12     | Mangled by a white ugly thing

Skill      XL: |  1  2  3  4  5  6  7  8  9 10 11 12 |
---------------+-------------------------------------+-----
Stealth        | 3 4 5 6 7 8 9 10 | 10.1
Spellcasting   | 3 4 5 6 7 8 |  8.3
Earth Magic    | 4 5 6 7 |  7.6
Short Blades   | 1 2 3 |  3.0
Dodging        | 3 4 5 6 |  6.4
Fighting       | 1 2 3 4 5 |  5.6
Shields        | 2 |  2.4
Conjurations   | 2 |  2.4
Invocations    | 2 3 4 5 |  5.6
Evocations     | 2 3 4 5 |  5.7
Transmutations | 2 3 |  3.2
Necromancy     | 2 4 5 6 |  6.9
Charms         | 1 3 4 |  4.9
Staves         | 1 2 3 4 |  4.6
Hexes          | 1 3 |  3.1

Action                   |  1- 3 |  4- 6 |  7- 9 | 10-12 || total
-------------------------+-------+-------+-------+-------++-------
Melee: Unarmed           |     6 |       |       |       ||     6
       Constrict         |    13 |    17 |    19 |    20 ||    69
       Tentacles         |     8 |     8 |    13 |    23 ||    52
       Dagger            |    40 |    62 |    49 |       ||   151
       Quarterstaff      |       |       |    19 |   121 ||   140
 Cast: Sandblast         |    21 |    28 |    59 |    25 ||   133
       Lee's Rapid Decon |       |     3 |    11 |     6 ||    20
       Stone Arrow       |       |       |    34 |     5 ||    39
       Passwall          |       |       |     2 |     2 ||     4
       Borgnjor's Vile C |       |       |     2 |    93 ||    95
       Animate Skeleton  |       |       |       |    40 ||    40
       Regeneration      |       |       |       |    14 ||    14
       Confuse           |       |       |       |     1 ||     1
Invok: Channel Magic     |       |       |       |     2 ||     2
       Divine Energy     |       |       |       |     1 ||     1
       Stop Divine Energ |       |       |       |     1 ||     1
Evoke: Wand              |       |       |       |    11 ||    11
  Use: Scroll            |       |    10 |     6 |     9 ||    25
       Potion            |       |     5 |     1 |     3 ||     9
 Stab: Sleeping          |     8 |    11 |    12 |    21 ||    52
       Distracted        |       |     1 |     1 |       ||     2
  Eat: Chunk             |     1 |     8 |     4 |    19 ||    32
       Ration            |       |       |     5 |     8 ||    13
Armor: Skin              |     7 |     4 |     2 |     9 ||    22
Dodge: Dodged            |    26 |    47 |    89 |   121 ||   283
Block: Buckler           |       |       |    20 |       ||    20
